 Dungeon Crawl Stone Soup version 0.26-a0-651-gb41185065b (webtiles) character file.

Game seed: 18198497903547852287

1431 Apogee the Grappler (level 8, 0/62 HPs)
             Began as a Demonspawn Gladiator on Oct 13, 2020.
             Was a Follower of Makhleb.
             Killed from afar by an electric eel (9 damage)
             ... with a bolt of electricity
             ... on level 6 of the Dungeon.
             The game lasted 00:11:05 (5443 turns).

Apogee the Grappler (Demonspawn Gladiator)          Turns: 5443, Time: 00:11:05

Health: 0/62       AC: 12    Str: 17    XL:     8   Next: 45%
Magic:  11/11      EV:  5    Int:  9    God:    Makhleb [*.....]
Gold:   288        SH:  0    Dex: 15    Spells: 7/7 levels left

rFire    . . .     SeeInvis +     - Unarmed
rCold    . . .     Faith    .   (no shield)
rNeg     . . .     Spirit   .   t - +0 plate armour
rPois    +         Reflect  .   b - +0 helmet
rElec    .         Harm     .   (no cloak)
rCorr    .         Rampage  .   F - +0 pair of gloves
MR       .....     Rnd*Rage +   (no boots)
Stlth    ..........             (no amulet)
HPRegen  0.20/turn              (no ring)
MPRegen  0.12/turn              (no ring)

@: no status effects
A: hooves 1, see invisible, berserk 1, poison resistance, powered by death 2,
spiny 1
a: Renounce Religion


You were on level 6 of the Dungeon.
You worshipped Makhleb.
Makhleb was aware of your devotion.
You visited 1 branch of the dungeon, and saw 6 of its levels.

You collected 288 gold pieces.

Inventory:

Missiles
 c - 4 throwing nets (quivered) {!f}
Armour
 a - a +0 leather armour
 b - a +0 helmet (worn)
 g - a +0 buckler
   (You found it on level 1 of the Dungeon)
 k - a +0 ring mail
   (You found it on level 2 of the Dungeon)
 n - a +0 scale mail
   (You found it on level 2 of the Dungeon)
 t - a +0 plate armour (worn)
   (You found it on level 2 of the Dungeon)
 C - the +4 robe of the Trombone {rN+ Dex+4, unknown}
   (You found it on level 6 of the Dungeon)

   It affects your dexterity (+4).
   It protects you from negative energy.
 F - a +0 pair of gloves (worn)
   (You found it on level 6 of the Dungeon)
Jewellery
 l - an uncursed ring of protection from magic
   (You took it off a kobold on level 2 of the Dungeon)
 o - an uncursed ring of stealth {unknown}
   (You found it on level 2 of the Dungeon)
 s - an uncursed ring of magical power {unknown}
   (You found it on level 2 of the Dungeon)
Wands
 q - a wand of enslavement (3)
   (You found it on level 2 of the Dungeon)
Scrolls
 d - 7 scrolls of identify {unknown}
 e - a scroll of teleportation {unknown}
 f - 3 scrolls of blinking {unknown}
 i - 2 scrolls of enchant weapon {unknown}
 p - a scroll of amnesia {unknown}
 u - a scroll of random uselessness {unknown}
 v - 4 scrolls of remove curse {unknown}
 y - a scroll of noise {unknown}
 A - 3 scrolls of enchant armour {unknown}
 D - a scroll of immolation {unknown}
Potions
 j - a potion of brilliance
 m - 3 potions of lignification {unknown}
 r - a potion of curing {@q1}
 w - a potion of invisibility {unknown}
 x - a potion of flight {unknown}
 z - 2 potions of might {unknown}
 B - a potion of berserk rage {unknown}
 E - a potion of degeneration {unknown}


   Skills:
 - Level 5.0 Fighting
 - Level 1.7 Throwing
 - Level 2.6 Dodging
 + Level 8.5 Unarmed Combat
 + Level 4.1 Invocations


You had 7 spell levels left.
You didn't know any spells.
Your spell library contained the following spells:

 Spells                   Type           Power        Failure   Level
 Corona                   Hex            #......      100%        1
 Ensorcelled Hibernation  Hex/Ice        #.....       100%        2
 Confusing Touch          Hex            #.......     100%        3
 Dazzling Flash           Conj/Hex       #.....       100%        3
 Tukima's Dance           Hex            #.......     100%        3


Dungeon Overview and Level Annotations

Branches:
Dungeon (6/15)             Temple (0/1) D:4

Altars:
Cheibriados
Dithmenos
Elyvilon
Fedhas
Gozag
Makhleb
Nemelex Xobeh
Okawaru
Qazlal
Yredelemnul
Zin

Shops:
D:4 [   D:5 =(*

Annotations:
D:3 Pikel
D:6 Sigmund


Innate Abilities, Weirdness & Mutations

You have large cloven feet.
You regenerate health from kills.
You are partially covered in sharp spines.
You have supernaturally acute eyesight. (SInv)
You tend to lose your temper in combat.
Your system is resistant to poisons. (rPois)


Message History

Unknown command.
Unknown command.
Aim: an orc warrior, wielding a +0 mace and wearing a +0 plate armour (heavily wounded, chance to defeat MR: 46%)
The orc warrior resists with some effort.
Aim: an orc warrior, wielding a +0 mace and wearing a +0 plate armour (heavily wounded, chance to defeat MR: 46%)
The orc warrior resists with some effort.
The orc warrior hits you with a +0 mace.
* * * LOW HITPOINT WARNING * * *
Aim: an orc warrior, wielding a +0 mace and wearing a +0 plate armour (heavily wounded, chance to defeat MR: 46%)
The orc warrior resists with some effort.
The orc warrior hits you with a +0 mace.
* * * LOW HITPOINT WARNING * * *
Aim: an orc warrior, wielding a +0 mace and wearing a +0 plate armour (heavily wounded, chance to defeat MR: 46%)
The orc warrior is charmed.
You swap places.
What are your orders? t - Shout!
Orders for allies: a - Attack new target. p - Attack previous target. r - Retreat! s - Stop attacking. g - Guard the area. f - Follow me.
Anything else - Cancel.
Fall back!
There is a stone staircase leading down here.
You start resting.
An orc warrior is nearby!
You climb downwards.
Level annotation: Sigmund A hound comes into view.
The hound barks!
The hound moves out of view.
There is a stone staircase leading up here.
You are too injured to fight recklessly!
You are too injured to fight recklessly!
The hound is struck by your spines. The hound bites you but does no damage.
The electric eel shoots out a bolt of lightning at you!
The bolt of electricity hits you.
* * * LOW HITPOINT WARNING * * *
The bolt of electricity hits you.
* * * LOW HITPOINT WARNING * * *
The bolt of electricity hits the hound!
The hound dies!
The electric eel shoots out a bolt of lightning at you!
The bolt of electricity hits you.
* * * LOW HITPOINT WARNING * * *
The electric eel shoots out a bolt of lightning at you!
The bolt of electricity hits you!
* * * LOW HITPOINT WARNING * * *
The electric eel shoots out a bolt of lightning at you!
The bolt of electricity hits you!
You die...

♣≈≈≈≈≈P≈.........##########.###.
≈≈PP≈≈≈♣..........o.o.oo........
≈P≈≈≈≈≈♣♣......oo##########..#..
≈≈≈≈PP♣♣♣#'#o###)<).....# ##.#..
≈≈≈≈≈≈ ♣≈#'#.# #........# #....
≈≈≈≈;≈ ♣...o# #........+ ##oo.
≈≈≈≈≈ ♣♣.†.# #........# #...
≈≈≈≈≈ ≈≈≈♣...###........##.###.#
≈≈P;≈..>..@................
≈≈≈≈≈.#.#############.###..
≈≈≈P≈♣...# ......... ≈≈≈≈♣≈.###
##.#....# ≈≈≈≈♣≈.# #.##.# ≈P≈
♣♣. #. ..# # #### ....o.)
...o.##


You could see an electric eel and an orc.

Vanquished Creatures
  Maggie (D:6)
  3 phantoms
  A necrophage (D:5)
  2 lemures (D:4)
  A bullfrog (D:6)
  An elf zombie (D:5)
  An elf skeleton (D:5)
  2 scorpions (D:5)
  A human zombie (D:5)
  3 hounds
  Natasha (twice) (D:2)
  A human skeleton (D:5)
  3 worker ants (D:5)
  Robin (D:2)
  4 gnolls (D:6)
  7 adders
  4 oozes
  An adder skeleton (D:4)
  3 worms
  4 dart slugs
  2 leopard geckos
  4 orcs
  A ball python (D:1)
  10 bats
  2 giant cockroaches
  16 goblins
  14 hobgoblins
  2 quokkas
  A ball python skeleton (D:4)
  6 frilled lizards
  A jackal skeleton (D:4)
  7 kobolds
  A leopard gecko skeleton (D:6)
  2 orc zombies (D:5)
  A quokka skeleton (D:5)
  9 rats
125 creatures vanquished.

Vanquished Creatures (others)
  A hound (D:6)
  5 plants (D:6)
6 creatures vanquished.

Grand Total: 131 creatures vanquished

Notes
Turn   | Place    | Note
-------+----------+-------------------------------------------
     0 | D:1      | Apogee the Demonspawn Gladiator began the quest for the
                  | Orb.
     0 | D:1      | Reached XP level 1. HP: 16/16 MP: 1/1
   315 | D:1      | Reached skill level 3 in Unarmed Combat
   327 | D:1      | Gained mutation: You are partially covered in sharp spines.
                  | [demonic ancestry]
   327 | D:1      | Reached XP level 2. HP: 12/22 MP: 2/2
   724 | D:1      | Found a sparkling altar of Nemelex Xobeh.
   862 | D:1      | Reached XP level 3. HP: 27/28 MP: 3/3
  1118 | D:2      | Found a snail-covered altar of Cheibriados.
  1446 | D:2      | Noticed Robin
  1456 | D:2      | Killed Robin
  1456 | D:2      | Reached skill level 4 in Unarmed Combat
  1456 | D:2      | Gained mutation: You have large cloven feet. [demonic
                  | ancestry]
  1456 | D:2      | Reached XP level 4. HP: 34/34 MP: 4/4
  1635 | D:2      | Noticed Natasha
  1648 | D:2      | Killed Natasha
  1839 | D:2      | Noticed Natasha
  1851 | D:2      | Killed Natasha
  1851 | D:2      | Gained mutation: You regenerate a little health from kills.
                  | [demonic ancestry]
  1851 | D:2      | Reached XP level 5. HP: 37/41 MP: 5/5
  1943 | D:3      | Noticed a phantom
  2002 | D:3      | Found a white marble altar of Elyvilon.
  2058 | D:3      | Found an opulent altar of Gozag.
  2105 | D:3      | Killed a phantom
  2105 | D:3      | Reached skill level 5 in Unarmed Combat
  2128 | D:3      | Gained mutation: You regenerate health from kills. [demonic
                  | ancestry]
  2128 | D:3      | Reached XP level 6. HP: 33/48 MP: 6/6
  2226 | D:3      | Found a shadowy altar of Dithmenos.
  2553 | D:3      | Found a burning altar of Makhleb.
  2556 | D:3      | Found a blossoming altar of Fedhas.
  2556 | D:3      | Found a basalt altar of Yredelemnul.
  2577 | D:3      | Found an iron altar of Okawaru.
  2580 | D:3      | Found a glowing silver altar of Zin.
  2596 | D:3      | Became a worshipper of Makhleb the Destroyer
  2700 | D:4      | Found a stormy altar of Qazlal.
  2746 | D:4      | Found a staircase to the Ecumenical Temple.
  2817 | D:4      | Noticed Pikel
  3099 | D:4      | Found Ohait's Antique Armour Emporium.
  3327 | D:5      | Entered Level 5 of the Dungeon
  3370 | D:5      | Found Vofeff's Jewellery Shoppe.
  3559 | D:5      | Reached skill level 6 in Unarmed Combat
  3737 | D:5      | Reached XP level 7. HP: 34/55 MP: 7/7
  3931 | D:5      | Found Liruqob's Weapon Emporium.
  3994 | D:5      | Reached skill level 5 in Fighting
  4001 | D:5      | Reached skill level 7 in Unarmed Combat
  4198 | D:5      | Reached * piety under Makhleb
  4309 | D:5      | Reached XP level 8. HP: 52/61 MP: 8/8
  4589 | D:5      | Found Yjegun's General Store.
  4598 | D:5      | Reached skill level 8 in Unarmed Combat
  4952 | D:6      | Reached skill level 1 in Invocations
  4983 | D:6      | Got a crude robe
  5046 | D:6      | Noticed Sigmund
  5297 | D:6      | Noticed Maggie
  5300 | D:6      | Gained mutation: You have supernaturally acute eyesight.
                  | (SInv) [potion of mutation]
  5300 | D:6      | Gained mutation: You tend to lose your temper in combat.
                  | [potion of mutation]
  5300 | D:6      | Gained mutation: Your system is resistant to poisons.
                  | (rPois) [potion of mutation]
  5324 | D:6      | Killed Maggie
  5443 | D:6      | Killed from afar by an electric eel

Illustrated notes

Levels and vault maps discovered:
D:1:      dpeg_arrival_yet_another_circle, layout_rooms,
          nemelex_diamond_rough_becter
D:2:      layout_loops_cross, old_standard_altar, uniq_natasha, uniq_robin
D:3:      kennysheep_six_static_rooms, layout_rooms,
          nicolae_dithmenos_shadow_blocks, old_standard_altar,
          minmay_overflow_temple_star_hex, nicolae_gozag_seed_capital
D:4:      layout_cave_pools, overflow_temple_1_default,
          minmay_temple_entry_arrows, serial_shops, nicolae_shop_stone,
          uniq_pikel
D:5:      layout_basic, serial_shops, shop, shop,
          nicolae_shop_temple_entry_statues_fountains,
          nicolae_ossuary_entry_catacombs
D:6:      layout_basic, serial_bayou_lake_a, uniq_maggie, uniq_sigmund

Skill      XL: |  1  2  3  4  5  6  7  8 |
---------------+-------------------------+-----
Unarmed Combat | 3 4 5 6 7 8 |  8.5
Fighting       | 3 4 5 |  5.0
Invocations    | 4 |  4.1
Throwing       | |  1.7
Dodging        | |  2.6

Action                   |  1- 3 |  4- 6 |  7- 9 || total
-------------------------+-------+-------+-------++-------
Melee: Unarmed           |   123 |   167 |   130 ||   420
       Punch             |     4 |     8 |     4 ||    16
       Kick              |       |    47 |    48 ||    95
Evoke: Wand              |       |       |     4 ||     4
  Use: Potion            |       |       |     3 ||     3
Armor: Leather armour    |    23 |       |       ||    23
       Scale mail        |     7 |    47 |    27 ||    81
       Ring mail         |     3 |       |       ||     3
       Plate armour      |       |       |    12 ||    12
Dodge: Dodged            |    60 |    58 |    32 ||   150

Table legend: (Time is in decaauts)
 A = Elapsed time spent in this place.
 B = Non-inter-level travel time spent in this place.
 C = Inter-level travel time spent in this place.
 D = Time resting spent in this place.
 E = Time spent auto-exploring this place.
 F = Levels seen in this place.
 G = Mean time per level.
                   A        B        C        D        E       F      G
               +--------+--------+--------+--------+--------+-----+--------+
         Total |   5407 |   5204 |    203 |    471 |   3603 |   6 |  901.2 |
       Dungeon |   5407 |   5204 |    203 |    471 |   3603 |   6 |  901.2 |
               +--------+--------+--------+--------+--------+-----+--------+

Top non-repeatable levels by time:
     D:5: 1714 daAuts
     D:1: 1074 daAuts
     D:2: 1033 daAuts
     D:3: 795 daAuts
     D:4: 406 daAuts
     D:6: 383 daAuts
